 Dungeon Crawl Stone Soup version 0.31-a0-216-g22e908daa7 (webtiles) character file.

Game seed: 7150681359472081353

94 qw the Shooter (level 4, -5/36 HPs)
             Began as a Minotaur Hexslinger on July 2, 2023.
             Slain by a gnoll
             ... wielding a +0 halberd
              (11 damage)
             ... on level 3 of the Dungeon.
             The game lasted 00:00:41 (1624 turns).

qw the Shooter (Minotaur Hexslinger)                Turns: 1624, Time: 00:00:42

Health: -5/36      AC:  7    Str: 13    XL:     4   Next: 38%
Magic:  4/4        EV: 11    Int: 10    God:
Gold:   151        SH:  0    Dex: 14    Spells: 4/5 levels left

rFire   . . .        Y - +1 sling
rCold   + . .        (no shield)
rNeg    . . .        m - +2 ring mail {rPois}
rPois   +            (helmet restricted)
rElec   .            (no cloak)
rCorr   +            (no gloves)
SInv    .            (no boots)
Will    .....        (no amulet)
Stlth   +            d - ring of resist corrosion
HPRegen 0.26/turn    i - ring of protection from cold
MPRegen 0.09/turn

%: no passive effects
@: about to teleport
A: horns 2, retaliatory headbutt
a: no special abilities


You were on level 3 of the Dungeon.
You visited 1 branch of the dungeon, and saw 3 of its levels.

You collected 151 gold pieces.


Innate Abilities, Weirdness & Mutations

You have a pair of horns on your head.
You reflexively headbutt those who attack you in melee.


   Skills:
 - Level 2.0 Fighting
 + Level 4.6 Ranged Weapons
 - Level 1.5 Armour
 - Level 2.1 Dodging
 - Level 1.0 Spellcasting
 - Level 2.0 Hexes


You had 4 spell levels left.
You knew the following spells:

 Your Spells              Type           Power      Damage    Failure   Level
a - Slow                  Hex            16%        N/A       32%         1

Your spell library contained the following spells:

 Spells                   Type           Power      Damage    Failure   Level
 Inner Flame              Hex/Fire       2%         N/A       82%         3
 Portal Projectile        Hex/Tloc       4%         N/A       82%         3
 Cause Fear               Hex            2%         N/A       97%         4

Inventory:

Hand Weapons
 Y - a +1 sling (weapon)
Armour
 m - a +2 ring mail of poison resistance (worn)
Jewellery
 d - a ring of resist corrosion (left hand)
 i - a ring of protection from cold (right hand)
Scrolls
 e - a scroll of immolation {unknown}
 h - a scroll of identify
 j - a scroll of noise {unknown}
Potions
 a - a potion of might
 b - a potion of curing {unknown}
 c - a potion of haste {unknown}
 g - a potion of magic {unknown}

Dungeon Overview and Level Annotations

Branches:
Dungeon (3/15)

Altars:


Message History

You kill the orc!
The giant cockroach bites you but does no damage.
The gnoll hits you but does no damage. The giant cockroach bites you.
You shoot a sling bullet.
The sling bullet closely misses the giant cockroach.
The sling bullet hits the gnoll.
The gnoll is severely wounded.
The giant cockroach closely misses you. You furiously retaliate!
You headbutt the giant cockroach!
You kill the giant cockroach!
The gnoll hits you from afar with a +0 spear.
You shoot a sling bullet.
The sling bullet barely misses the gnoll.
The sling bullet hits the gnoll but does no damage.
The gnoll hits you but does no damage.
You shoot a sling bullet. The sling bullet hits the gnoll!
You kill the gnoll!
The gnoll misses you.
You shoot a sling bullet. The sling bullet hits the gnoll.
The gnoll is heavily wounded.
The gnoll barely misses you.
You shoot a sling bullet.
The sling bullet barely misses the gnoll. x2
The gnoll hits you but does no damage.
You shoot a sling bullet. The sling bullet hits the gnoll.
The gnoll is heavily wounded.
The gnoll hits you but does no damage.
The gnoll hits you from afar with a +0 halberd!
1622 ||| READING scroll of teleportation.
As you read the scroll of teleportation, it crumbles to dust.
You feel strangely unstable. The gnoll completely misses you.
You shoot a sling bullet. The sling bullet hits the gnoll.
The gnoll is severely wounded.
The gnoll hits you from afar with a +0 halberd.
You shoot a sling bullet.
The sling bullet hits the gnoll but does no damage.
The gnoll is severely wounded.
The gnoll hits you from afar with a +0 halberd!
You die...

###..##.##.####.#..#
#..#...#.## #.#..#
#.........###.#..#
##.#...#........(#
#.##.##..###....#
#.##.<...# #..###
#.######.# #..#
<#.#.###.# #.# #..#
....gg)@.# #.# #..#
.#.#!###.# #.# #..#
#.######.###..###
#.#............)#
#........####.#.#
###.####.# #)#.# ###
### #####


You could see 2 gnolls.

Vanquished Creatures
  2 gnolls (D:3)
  3 adders
  A worm (D:2)
  2 orcs (D:3)
  3 ball pythons
  4 endoplasms
  3 giant cockroaches
  6 goblins
  6 hobgoblins
  3 jackals (D:1)
  2 bats
  2 frilled lizards
  3 kobolds (D:1)
  2 rats (D:1)
42 creatures vanquished.

Notes
Turn   | Place    | Note
-------+----------+-------------------------------------------
     0 | D:1      | qw the Minotaur Hexslinger began the quest for the Orb.
     0 | D:1      | Reached XP level 1. HP: 16/16 MP: 1/1
     0 | D:1      | 0 ||| qw: Version: 0.3-a-39-g4513739
     0 | D:1      | 0 ||| qw: Game counter: 7907
     0 | D:1      | 0 ||| qw: Melee chars always use a shield: true
     0 | D:1      | 0 ||| qw: God list: Okawaru
     0 | D:1      | 0 ||| qw: Allow faded altars: false
     0 | D:1      | 0 ||| qw: Do Orc after clearing Dungeon:15 true
     0 | D:1      | 0 ||| qw: Do second Lair branch before Depths: true
     0 | D:1      | 0 ||| qw: Lair rune preference: random
     0 | D:1      | 0 ||| qw: Goals: Normal
     0 | D:1      | 0 ||| PLANNING D:1-11
   151 | D:1      | Reached skill level 3 in Ranged Weapons
   151 | D:1      | Reached XP level 2. HP: 7/22 MP: 2/2
   848 | D:1      | 848 ||| UPGRADING to +0 ring mail.
   858 | D:1      | 858 ||| DROPPING +0 robe.
   859 | D:1      | 859 ||| UPGRADING to +2 ring mail of poison resistance.
   869 | D:1      | 869 ||| DROPPING +0 ring mail.
   870 | D:1      | 870 ||| UPGRADING to ring of resist corrosion.
   871 | D:1      | 871 ||| READING scroll labelled INLADU TACK.
   872 | D:1      | 872 ||| READING scroll labelled TITAIHEYXTI.
   873 | D:1      | 873 ||| READING 3 scrolls labelled LINGEC HUEN.
   874 | D:1      | 874 ||| READING scroll labelled MOTAUJ ECOSHIO.
   875 | D:1      | 875 ||| READING scroll labelled XOEXKE NEDIZA.
   878 | D:1      | 878 ||| READING scroll labelled TAAZ EZECOACS.
   879 | D:1      | 879 ||| READING 2 scrolls of identify.
   879 | D:1      | 879 ||| IDENTIFYING lumpy blue potion
   880 | D:1      | 880 ||| DROPPING scroll of poison.
   881 | D:1      | 881 ||| DROPPING potion of brilliance.
   970 | D:2      | Reached XP level 3. HP: 29/29 MP: 3/3
  1168 | D:2      | Reached skill level 4 in Ranged Weapons
  1338 | D:2      | Reached skill level 1 in Armour
  1493 | D:2      | 1493 ||| DROPPING amulet of magic regeneration.
  1494 | D:2      | 1494 ||| UPGRADING to ring of protection from cold.
  1495 | D:2      | 1495 ||| READING scroll labelled YLUHATYVUE.
  1496 | D:2      | 1496 ||| DRINKING 2 glowing black potions.
  1501 | D:3      | 1501 ||| PLANNING SEWER
  1563 | D:3      | Reached XP level 4. HP: 28/36 MP: 4/4
  1621 | D:3      | HP: 8/36 [gnoll/+0 halberd (12)]
  1622 | D:3      | 1622 ||| READING scroll of teleportation.
  1624 | D:3      | Slain by a gnoll

Levels and vault maps discovered:
D:1:      dpeg_arrival_signposts, layout_basic
D:2:      layout_loops_ring
D:3:      layout_loops_ring, lemuel_coloured_pillars_altar,
          portal_sewer_entry_b, shapermc_ecumenical_altar_petra, st_stairs_11

Skill      XL: |  1  2  3 |
---------------+----------+-----
Ranged Weapons | 3 4 |  4.6
Fighting       | 2 |  2.0
Armour         | 1 |  1.5
Dodging        | |  2.1
Spellcasting   | |  1.0
Hexes          | |  2.0

Action                     |  1- 3 |  4- 6 || total
---------------------------+-------+-------++-------
   Fire: Sling             |   135 |    21 ||   156
    Use: Scroll            |     8 |     1 ||     9
         Potion            |     1 |       ||     1
 Armour: Robe              |     5 |       ||     5
         Ring mail         |    19 |     8 ||    27
  Dodge: Dodged            |    38 |    11 ||    49

Table legend:
 A = Non-vault XP
 B = Vault XP
 C = Vault XP percentage of total XP
 D = Non-vault monster count
 E = Vault monster count
 F = Vault count percentage of total count
                 A         B        C        D         E       F
            +---------+---------+-------+---------+---------+-------
      Total |     114 |      21 |  15.6 |      38 |       4 |   9.5
            +---------+---------+-------+---------+---------+-------
        D:1 |      33 |       0 |   0.0 |      20 |       0 |   0.0
        D:2 |      52 |       0 |   0.0 |      15 |       0 |   0.0
        D:3 |      29 |      21 |  42.0 |       3 |       4 |  57.1
            +---------+---------+-------+---------+---------+-------
